 Dungeon Crawl Stone Soup version 0.16-a0-2059-gf848859 (webtiles) character file.

4421 smajdalf the Grappler (level 10, 0/93 (94) HPs)
             Began as a Ghoul Warper on Nov 11, 2014.
             Slain by a killer bee (7 damage)
             ... on level 9 of the Dungeon.
             The game lasted 00:30:21 (7390 turns).

smajdalf the Grappler (Ghoul Warper)                Turns: 7390, Time: 00:30:21

HP:   0/93 (94)     AC:  5    Str: 16    XL:     10   Next: 36%
MP:   5/13          EV: 14    Int: 11    God:
Gold: 366           SH:  0    Dex: 13    Spells: 3 memorised, 8 levels left

rFire  . . .     SeeInvis .       - Unarmed
rCold  + . .     Clarity  .     b - +0 ring mail
rNeg   + + +     SustAb   +     (no shield)
rPois  +         Gourm    .     (no helmet)
rElec  .         Spirit   .     (no cloak)
rCorr  .         Warding  .     (no gloves)
rMut   .         Stasis   .     (no boots)
MR     .....                    n - amulet of regeneration
Stlth  +++.......               C - ring of stealth
                                s - ring of sustain abilities

@: agile, rotting, not resistant to hostile enchantments, fairly stealthy
A: rotting body, claws 1, carnivore 3, cold resistance 1, negative energy
resistance 3, poison resistance, slow healing 1, torment resistance, unbreathing
a: no special abilities


You were on level 9 of the Dungeon.
You were not hungry.

You visited 2 branches of the dungeon, and saw 10 of its levels.

You collected 366 gold pieces.

Inventory:

Hand weapons
 f - the +7 rapier of Exquisite Death {pierce, -Tele +Rage +Fly}
   (You found it on level 8 of the Dungeon)

   It inflicts extra damage upon your enemies.
   It lets you fly.
   It lets you go berserk.
   It prevents most forms of teleportation.
Missiles
 e - 5 tomahawks of dispersal
 D - 2 javelins (quivered)
Armour
 b - a +0 ring mail (worn)
Magical staves
 m - an uncursed staff of air
Jewellery
 n - an amulet of regeneration (around neck)
 r - an uncursed ring of stealth
 s - a ring of sustain abilities (left claw)
 x - an uncursed amulet of faith
 B - an uncursed ring of magical power
 C - a ring of stealth (right claw)
 E - an uncursed ring of teleportation
Magical devices
 k - a wand of flame (27)
 o - a wand of draining (0)
 G - a wand of polymorph (13)
Scrolls
 d - 3 scrolls of blinking
 g - 2 scrolls of fog
 p - 5 scrolls of teleportation
 t - a scroll of magic mapping
 u - a scroll of recharging
 v - 7 scrolls of identify
 w - a scroll of remove curse
 y - a scroll of enchant armour
 F - a scroll of enchant weapon
Potions
 i - 3 potions of magic
 l - a potion of agility
 z - a potion of might
 A - a potion of curing
Books
 a - a book of Frost

   Spells                             Type                      Level
   Freeze                             Ice                          1
   Throw Frost                        Conjuration/Ice              2
   Ozocubu's Armour                   Charms/Ice                   3
   Throw Icicle                       Conjuration/Ice              4
   Summon Ice Beast                   Ice/Summoning                4
   Condensation Shield                Ice                          4
 c - a book of Spatial Translocations

   Spells                             Type                      Level
   *Apportation                       Translocation                1
   *Blink                             Translocation                2
   *Shroud of Golubria                Charms/Translocation         2
   Portal Projectile                  Translocation                3
   Teleport Other                     Translocation                3
   Passage of Golubria                Translocation                4
Comestibles
 q - 5 meat rations
 H - a beef jerky


   Skills:
 - Level 10.8 Fighting
 - Level 0.8 Throwing
 - Level 0.8 Armour
 - Level 1.7 Dodging
 - Level 12.6 Unarmed Combat
 - Level 2.1 Spellcasting
 + Level 3.3 Charms
 - Level 6.0 Translocations


You had 8 spell levels left.
You knew the following spells:

 Your Spells              Type           Power        Failure   Level  Hunger
a - Apportation           Tloc           ##........   2%          1    ##.....
b - Blink                 Tloc           N/A          4%          2    ###....
c - Shroud of Golubria    Chrm/Tloc      ##........   10%         2    ###....


Dungeon Overview and Level Annotations

Branches:
Dungeon (9/15)             Temple (1/1) D:4
   Lair: D:8-11         Orc: D:9-12

Altars:
Ashenzari
Cheibriados
Dithmenos
Elyvilon
Fedhas
Gozag
Makhleb
Nemelex Xobeh
Okawaru
Qazlal
Ru
Sif Muna
Trog
Vehumet
Xom
Yredelemnul
Zin
The Shining One

Shops:
D:4 %

Annotations:
D:4 shop: food


Innate Abilities, Weirdness & Mutations

Your body is rotting away.
You thrive on raw meat.
You have sharp fingernails.
You are carnivorous and can eat meat at any time.
Your flesh is cold resistant.
You are immune to negative energy.
Your system is resistant to poisons.
You heal slowly when monsters are visible.
You are immune to unholy pain and torment.
You can survive without breathing.


Message History

You closely miss the killer bee.
The killer bee is almost dead.
The killer bee closely misses you.
The killer bee stings you but does no damage.
You barely miss the killer bee.
The killer bee is almost dead.
The killer bee stings you but does no damage.
You miss the killer bee.
The killer bee is almost dead.
The killer bee closely misses you. The killer bee misses you.
You are too injured to fight recklessly!
You are too injured to fight recklessly!
You closely miss the killer bee.
The killer bee is almost dead.
The killer bee stings you.
* * * LOW HITPOINT WARNING * * *
You closely miss the killer bee.
The killer bee is almost dead.
The killer bee stings you!
You die...

######### #.......+
#.#...#.# #.#.....# .
#.......####..
#######y##.........
.........@#§....# #
.........#.....####.#
########+#..........#
..................#
............#§....#
...[..............#
.................#.#
...y....<.#.†....$...
..........#§........
.


You could see a killer bee.

Vanquished Creatures
  Pikel (D:8)
  Grinder (D:6)
  A slave (D:8)
  A phantom (D:4)
  3 orc warriors
  3 eyes of draining (D:7)
  A black bear (D:6)
  2 centaurs
  An ice beast (D:5)
  4 ogres
  Sigmund (D:5)
  2 giant frogs
  A big kobold (D:8)
  Blork the orc (D:6)
  3 killer bees (D:9)
  2 jellies
  5 crimson imps
  A centaur zombie (D:5)
  A goliath beetle (D:6)
  A gnoll shaman (D:5)
  6 hounds
  3 orc priests
  8 orc wizards
  An iguana (D:7)
  3 worker ants
  2 ogre skeletons
  Terence (D:3)
  7 adders
  6 gnolls
  A shadow imp (D:6)
  A worm (D:4)
  2 orc zombies
  An adder skeleton (D:6)
  6 giant geckos
  21 orcs
  12 bats
  A bat skeleton (D:6)
  3 bat zombies
  9 giant cockroaches
  11 goblins
  14 hobgoblins
  14 kobolds
  4 ball pythons
  A giant gecko skeleton (D:4)
  6 giant newts
  A giant spore (D:7)
  A hobgoblin skeleton (D:7)
  14 jackals
  A kobold zombie (D:5)
  An orc skeleton (D:5)
  2 quokkas
  15 rats
  A rat skeleton (D:6)
  2 ballistomycetes (D:7)
218 creatures vanquished.

Vanquished Creatures (others)
  A quokka (D:8)
1 creature vanquished.

Grand Total: 219 creatures vanquished

Notes
Turn   | Place    | Note
--------------------------------------------------------------
     0 | D:1      | smajdalf, the Ghoul Warper, began the quest for the Orb.
     0 | D:1      | Reached XP level 1. HP: 17/17 MP: 2/2
   146 | D:1      | Reached skill level 3 in Unarmed Combat
   146 | D:1      | Reached XP level 2. HP: 14/23 MP: 3/3
   535 | D:1      | Reached XP level 3. HP: 29/29 MP: 5/5
   715 | D:2      | Found a stormy altar of Qazlal.
   903 | D:2      | Reached skill level 4 in Unarmed Combat
  1289 | D:3      | Reached XP level 4. HP: 21/35 MP: 5/5
  1693 | D:3      | Noticed Terence
  1705 | D:3      | Killed Terence
  1705 | D:3      | Reached skill level 5 in Unarmed Combat
  1959 | D:3      | Found a burning altar of Makhleb.
  1967 | D:3      | Reached XP level 5. HP: 34/41 MP: 6/6
  2511 | D:4      | Found a sparkling altar of Nemelex Xobeh.
  2512 | D:4      | Found Cotir's Food Emporium.
  2526 | D:4      | Reached skill level 6 in Unarmed Combat
  2593 | D:4      | Found a deep blue altar of Sif Muna.
  2704 | D:4      | Reached XP level 6. HP: 46/48 MP: 8/8
  2747 | D:4      | Found a staircase to the Ecumenical Temple.
  2763 | Temple   | Entered the Ecumenical Temple
  3057 | D:4      | Noticed a phantom
  3104 | D:4      | Killed a phantom
  3104 | D:4      | Reached skill level 7 in Unarmed Combat
  3452 | D:5      | Entered Level 5 of the Dungeon
  3553 | D:5      | Found an opulent altar of Gozag.
  3658 | D:5      | Reached skill level 8 in Unarmed Combat
  3658 | D:5      | Reached XP level 7. HP: 55/55 MP: 8/8
  3979 | D:5      | Found a white marble altar of Elyvilon.
  4212 | D:5      | Reached skill level 5 in Fighting
  4376 | D:5      | Noticed Sigmund
  4397 | D:5      | Reached skill level 10 in Fighting
  4397 | D:5      | Reached skill level 12 in Unarmed Combat
  4397 | D:5      | Reached XP level 8. HP: 67/81 MP: 10/10
  4401 | D:5      | Killed Sigmund
  4550 | D:5      | Reached XP level 9. HP: 75/86 MP: 11/11
  5024 | D:5      | Learned a level 2 spell: Blink
  5027 | D:5      | Learned a level 2 spell: Shroud of Golubria
  5105 | D:6      | Noticed Grinder
  5109 | D:6      | Paralysed by Grinder for 6 turns
  5119 | D:6      | Killed Grinder
  5367 | D:6      | Noticed Blork the orc
  5375 | D:6      | Killed Blork the orc
  6267 | D:7      | Found a bloodstained altar of Trog.
  6290 | D:7      | Reached skill level 5 in Translocations
  6318 | D:7      | Reached XP level 10. HP: 81/94 MP: 1/13
  6718 | D:8      | Got a brightly glowing rapier
  6719 | D:8      | Identified the +7 rapier of Exquisite Death {pierce, -Tele +Rage +Fly} (You found it on level 8 of the Dungeon)
  6849 | D:8      | Noticed Pikel
  6864 | D:8      | Killed Pikel
  7390 | D:9      | Slain by a killer bee

Action                   |  1- 3 |  4- 6 |  7- 9 | 10-12 || total
-------------------------+-------+-------+-------+-------++-------
Melee: Unarmed           |   114 |   242 |   353 |    90 ||   799
Throw: Tomahawk          |       |     3 |     1 |       ||     4
 Cast: Shroud of Golubri |       |       |       |     4 ||     4
       Blink             |       |       |       |     3 ||     3
Evoke: Wand              |       |     1 |     2 |     2 ||     5
  Use: Potion            |       |     5 |     5 |     3 ||    13
       Scroll            |       |       |     8 |     3 ||    11
  Eat: Chunk             |    19 |    31 |    33 |    18 ||   101
